 Dungeon Crawl Stone Soup version 0.26-a0-845-gfacbca91cf (webtiles) character file.

Game seed: 1025432319371467775

967729 Ijustatesigmund the Axe Maniac (level 27, -17/300 HPs)
             Began as a Hill Orc Fighter on Nov 17, 2020.
             Was the Champion of Cheibriados.
             Killed from afar by a hellion (21 damage)
             ... with damnation
             ... on level 4 of Gehenna on Nov 19, 2020.
             The game lasted 05:46:17 (87255 turns).

Ijustatesigmund the Axe Maniac (Hill Orc Fighter)  Turns: 87255, Time: 05:46:17

Health: -17/300    AC: 41    Str: 42 (46) XL:     27
Magic:  8/19       EV: 29    Int: 25      God:    Cheibriados [******]
Gold:   10521      SH: 30    Dex: 32      Spells: 8/40 levels left

rFire    + + +     SeeInvis .   M - +9 broad axe (spect)
rCold    + + .     Faith    .   c - +5 kite shield {reflect}
rNeg     + + +     Spirit   .   D - +8 fire dragon scales
rPois    +         Reflect  +   (helmet restricted)
rElec    +         Harm     .   Y - +0 cloak of Limited Liability {*Corrode rC++ rN++}
rCorr    .         Rampage  .   j - +1 pair of gloves "Kuinlaicw" {rElec rPois Str+7 Int-4}
MR       ++++.                  o - +2 pair of boots
Stlth    +.........             q - amulet of Godieh {+Blink Regen+ Slay+3}
HPRegen  1.00/turn              W - ring of Xovimyp {rElec MR++ MP-9 Str+3 Dex+6}
MPRegen  0.16/turn              J - ring "Mocryro" {+Blink rC+ rN++ AC+4 Dex-2}

@: very slow
A: antennae 1, hooves 2, large bone plates 1, slimy green scales 1, yellow
scales 1, fire resistance 1, low mp 3, robust 1, weak 1, evolution 1
}: 4/15 runes: decaying, serpentine, silver, icy
a: Bend Time, Temporal Distortion, Slouch, Step From Time, Renounce Religion,
Evoke Blink


You were on level 4 of Gehenna.
You worshipped Cheibriados.
Cheibriados was exalted by your worship.
You visited 13 branches of the dungeon, and saw 64 of its levels.
You visited 1 ziggurat, and saw 24 of its levels.
You also visited: Sewer, Gauntlet and Wizlab.

You collected 12208 gold pieces.
You spent 1687 gold pieces at shops.

Inventory:

Hand Weapons
 a - a +7 broad axe of flaming
 M - a +9 spectral broad axe (weapon)
Missiles
 N - 53 silver javelins (quivered)
Armour
 b - the +4 chain mail "Nonyik" {rC++ MR+ MP+9}
   (You found it on level 12 of the Dungeon)

   It greatly protects you from cold.
   It affects your resistance to hostile enchantments.
   It affects your magic capacity (+9).
 c - a +5 kite shield of reflection (worn)
 j - the +1 pair of gloves "Kuinlaicw" (worn) {rElec rPois Str+7 Int-4}
   (You found it on level 2 of the Depths)

   It affects your strength (+7).
   It affects your intelligence (-4).
   It insulates you from electricity.
   It protects you from poison.
 o - a +2 pair of boots (worn)
 D - +8 fire dragon scales (worn)
 I - the cursed +0 helmet "Ciasango" {Str+4 Dex+4 Stlth+}
   (You found it on level 5 of the Vaults)

   It affects your strength (+4).
   It affects your dexterity (+4).
   It makes you more stealthy.
   It has a curse placed upon it.
 U - the +1 cloak of Hugemeon {Str+2 Int+2}
   (You bought it in a shop on level 2 of the Orcish Mines)

   It affects your strength (+2).
   It affects your intelligence (+2).
 Y - the +0 cloak of Limited Liability (worn) {*Corrode rC++ rN++}
   (You bought it in a shop on level 4 of the Snake Pit)

   It greatly protects you from cold.
   It greatly protects you from negative energy.
   It may corrode you when you take damage.
Jewellery
 h - the ring of Itelesuuwuf {MR+ Str+3 Dex+6 Stlth+}
   (You found it on level 15 of a ziggurat)

   [ring of protection from magic]

   It affects your strength (+3).
   It affects your dexterity (+6).
   It affects your resistance to hostile enchantments.
   It makes you more stealthy.
 k - an uncursed ring of resist corrosion
 q - the amulet of Godieh (around neck) {+Blink Regen+ Slay+3}
   (You found it on level 18 of a ziggurat)

   [amulet of regeneration]

   It affects your accuracy and damage with ranged weapons and melee attacks
   (+3).
   It lets you blink.
   It increases your rate of regeneration.
 s - the amulet "Ifrufit" {Reflect rElec Int+6 SH+5}
   (You found it on level 5 of the Vaults)

   [amulet of reflection]

   It shields you and reflects attacks.
   It affects your intelligence (+6).
   It insulates you from electricity.
   It affects your SH (+5).
 C - the ring of Tel Hoinia {rPois EV+4}
   (You found it in a wizard's laboratory)

   [ring of evasion]

   It affects your evasion (+4).
   It protects you from poison.
 J - the ring "Mocryro" (right hand) {+Blink rC+ rN++ AC+4 Dex-2}
   (You found it in a Gauntlet)

   [ring of protection]

   It affects your AC (+4).
   It affects your dexterity (-2).
   It protects you from cold.
   It greatly protects you from negative energy.
   It lets you blink.
 L - the amulet "Needd" {rF++ Regen+ Str+4 Int-4}
   (You found it on level 2 of the Depths)

   [amulet of regeneration]

   It affects your strength (+4).
   It affects your intelligence (-4).
   It greatly protects you from fire.
   It increases your rate of regeneration.
 Q - the ring of Puovom {+Blink rF+ MP+9 Dex+3}
   (You found it on level 17 of a ziggurat)

   [ring of protection from fire]

   It affects your dexterity (+3).
   It protects you from fire.
   It affects your magic capacity (+9).
   It lets you blink.
 T - the amulet "Sacal" {Reflect +Fly rN+ Dex+4 SH+5}
   (You took it off a tengu reaver on level 5 of the Vaults)

   [amulet of reflection]

   It shields you and reflects attacks.
   It affects your dexterity (+4).
   It protects you from negative energy.
   It lets you fly.
   It affects your SH (+5).
 W - the ring of Xovimyp (left hand) {rElec MR++ MP-9 Str+3 Dex+6}
   (You found it on level 2 of the Depths)

   [ring of dexterity]

   It affects your strength (+3).
   It affects your dexterity (+6).
   It insulates you from electricity.
   It affects your resistance to hostile enchantments.
   It affects your magic capacity (-9).
Wands
 y - a wand of enslavement (45)
 A - a wand of acid (11)
 B - a wand of digging (18)
 F - a wand of disintegration (57)
 O - a wand of iceblast (82)
 S - a wand of polymorph (50)
Scrolls
 e - 6 scrolls of fear
 g - 22 scrolls of teleportation
 i - 54 scrolls of remove curse
 n - 13 scrolls of amnesia
 p - 4 scrolls of silence
 t - 20 scrolls of identify
 u - 11 scrolls of fog
 w - a scroll of blinking
 E - 3 scrolls of immolation
 G - 5 scrolls of magic mapping
 X - 3 scrolls of enchant armour
 Z - 2 scrolls of holy word
Potions
 d - 2 potions of might
 f - 12 potions of curing
 l - a potion of ambrosia
 v - 13 potions of flight
 x - 13 potions of brilliance
 z - 10 potions of mutation
 K - 2 potions of magic
 P - 7 potions of cancellation
 R - a potion of invisibility
Miscellaneous
 r - a condenser vane
 V - a phantom mirror


   Skills:
 O Level 27 Fighting
 O Level 27 Axes
 - Level 5.0(11.7) Slings
 - Level 15.9(16.2) Throwing
 - Level 22.6 Armour
 - Level 15.6 Dodging
 - Level 21.4 Shields
 - Level 7.3 Spellcasting
 - Level 13.0 Summonings
 + Level 21.6 Necromancy
 - Level 9.0 Translocations
 - Level 15.0 Transmutations
 - Level 12.4 Earth Magic
 O Level 27 Invocations
 - Level 17.3 Evocations


You had 8 spell levels left.
You knew the following spells:

 Your Spells              Type           Power        Failure   Level
a - Apportation           Tloc           ######       1%          1
b - Blink                 Tloc           N/A          1%          2
c - Statue Form           Tmut/Erth      ######...    4%          6
d - Lesser Beckoning      Tloc           ######....   1%          3
e - Portal Projectile     Hex/Tloc       ####..       4%          3
f - Death's Door          Necr           #######...   78%         9
g - Necromutation         Tmut/Necr      #######...   32%         8

Your spell library contained the following spells:

 Spells                   Type           Power        Failure   Level
 Animate Skeleton         Necr           ######       0%          1
 Pain                     Necr           ####         0%          1
 Sublimation of Blood     Necr           #######...   0%          2
 Vampiric Draining        Necr           #######...   0%          3
 Animate Dead             Necr           #######...   0%          4
 Dispel Undead            Necr           #######.     0%          4
 Beastly Appendage        Tmut           ######       1%          1
 Sandblast                Erth           ######       1%          1
 Sting                    Tmut/Pois      ####         1%          1
 Summon Small Mammal      Summ           ####         1%          1
 Call Imp                 Summ           ######..     1%          2
 Corpse Rot               Necr/Air       N/A          1%          2
 Passwall                 Tmut/Erth      ######..     1%          2
 Wereblood                Tmut           ######..     1%          2
 Call Canine Familiar     Summ           ######..     1%          3
 Gell's Gravitas          Tloc           ######....   1%          3
 Spider Form              Tmut/Pois      #####.....   1%          3
 Summon Guardian Golem    Hex/Summ       #####...     1%          3
 Teleport Other           Tloc           ######..     1%          3
 Petrify                  Tmut/Erth      ######..     1%          4
 Agony                    Necr           #######.     1%          5
 Blade Hands              Tmut           ######....   1%          5
 Borgnjor's Vile Clutch   Necr/Erth      #######...   1%          5
 Excruciating Wounds      Necr           #######...   1%          5
 Lee's Rapid Deconstruct  Erth           ######....   1%          5
 Summon Demon             Summ           ######....   1%          5
 Death Channel            Necr           #######...   1%          6
 Stone Arrow              Conj/Erth      #####.       2%          3
 Passage of Golubria      Tloc           N/A          2%          4
 Summon Forest            Summ/Tloc      ######....   2%          5
 Ignite Poison            Fire/Tmut/Pois ####....     3%          3
 Hydra Form               Tmut           ######....   3%          6
 Ice Form                 Ice/Tmut       #####...     4%          4
 Summon Ice Beast         Ice/Summ       #####...     6%          4
 Summon Lightning Spire   Summ/Air       #####...     6%          4
 Haunt                    Necr/Summ      #######...   6%          7
 Leda's Liquefaction      Hex/Erth       #####.....   7%          4
 Borgnjor's Revivificati  Necr           #######...   9%          8
 Infestation              Necr           #######...   9%          8
 Corona                   Hex            #......      10%         1
 Foxfire                  Conj/Fire      #...         10%         1
 Freeze                   Ice            #...         10%         1
 Magic Dart               Conj           #...         10%         1
 Shock                    Conj/Air       #...         10%         1
 Alistair's Intoxication  Tmut/Pois      #####....    12%         5
 Irradiate                Conj/Tmut      #####.....   12%         5
 Yara's Violent Unravell  Hex/Tmut       #####.....   12%         5
 Ensorcelled Hibernation  Hex/Ice        #.....       14%         2
 Poisonous Vapours        Pois/Air       #.....       14%         2
 Slow                     Hex            #.......     14%         2
 Swiftness                Air            #.......     14%         2
 Iskenderun's Mystic Bla  Conj/Tloc      ####....     14%         4
 Dragon Form              Tmut           ######....   16%         7
 Confusing Touch          Hex            #.......     28%         3
 Conjure Flame            Conj/Fire      #.......     28%         3
 Dazzling Flash           Conj/Hex       #.....       28%         3
 Frozen Ramparts          Ice            #.....       28%         3
 Inner Flame              Hex/Fire       #.......     28%         3
 Mephitic Cloud           Conj/Pois/Air  #.......     28%         3
 Ozocubu's Armour         Ice            #.......     28%         3
 Static Discharge         Conj/Air       #.......     28%         3
 Tukima's Dance           Hex            #.......     28%         3
 Bolt of Magma            Conj/Fire/Erth ####......   43%         5
 Eringya's Noxious Bog    Tmut/Pois      #####.....   54%         6
 Malign Gateway           Summ/Tloc      ######....   63%         7
 Airstrike                Air            #.........   67%         4
 Cause Fear               Hex            #.........   67%         4
 Hailstorm                Conj/Ice       #.......     67%         4
 Olgreb's Toxic Radiance  Pois           #.......     67%         4
 Sticky Flame             Conj/Fire      #.......     67%         4
 Iron Shot                Conj/Erth      #####.....   73%         6
 Iskenderun's Battlesphe  Conj           #.......     95%         5
 Lightning Bolt           Conj/Air       #.........   95%         5
 Metabolic Englaciation   Hex/Ice        #.........   95%         5
 Silence                  Hex/Air        #.........   95%         5
 Spellforged Servitor     Conj/Summ      #####.....   99%         7
 Conjure Ball Lightning   Conj/Air       #.........   100%        6
 Freezing Cloud           Conj/Ice/Air   #.........   100%        6
 Invisibility             Hex            #.......     100%        6
 Starburst                Conj/Fire      #.........   100%        6
 Orb of Destruction       Conj           #.........   100%        7
 Chain Lightning          Conj/Air       #.........   100%        8
 Discord                  Hex            #.........   100%        8
 Ignition                 Fire           #.........   100%        8
 Lehudib's Crystal Spear  Conj/Erth      #####.....   100%        8
 Absolute Zero            Ice            #.........   100%        9
 Dragon's Call            Summ           ######....   100%        9
 Fire Storm               Conj/Fire      #.........   100%        9
 Shatter                  Erth           ######....   100%        9
 Tornado                  Air            #.........   100%        9


Dungeon Overview and Level Annotations

Branches:
Dungeon (15/15)            Temple (0/1) D:6            Lair (6/6) D:10
  Swamp (4/4) Lair:3        Snake (4/4) Lair:4        Slime (0/5) Lair:5
    Orc (2/2) D:10            Elf (3/3) Orc:2        Vaults (5/5) D:14
  Crypt (3/3) Vaults:3       Tomb (0/3) Crypt:3      Depths (5/5) D:15
   Hell (visited)             Geh (4/7) Hell            Coc (7/7) Hell
    Zot (5/5) Depths:5      Sewer (visited)          WizLab (visited)
Gauntlet (visited)
    Dis: Hell:1         Tar: Hell:1

Altars:
Ashenzari
Cheibriados
Elyvilon
Hepliaklqana
Kikubaaqudgha
Okawaru
Qazlal
Wu Jian
Xom
Yredelemnul
The Shining One
Beogh
Jiyva

Shops:
D:4 :   D:7 (   D:9 ?   D:13 ?:!*   Orc:2 *[(*   Elf:3 *   Snake:1 **?*
Snake:4 =[   Vaults:1 [   Vaults:4 :   Depths:1 }=!

Portals:
Hell: Depths:1 Depths:2 Depths:3 Depths:4 Depths:5
Abyss: Depths:4
Pandemonium: Depths:3 Depths:4

Annotations:
Swamp:2 exclusion: oklob plant


Innate Abilities, Weirdness & Mutations

You have a pair of small antennae on your head.
You have hoof-like feet.
You are partially covered in large bone plates. (SH +4)
You are partially covered in slimy green scales. (AC +2)
You are partially covered in yellow scales. (AC +2)
Your flesh is heat resistant. (rF+)
Your magical capacity is extremely low. (-30% MP)
You are robust. (+10% HP)
You are weak. (Str -2)
You evolve.


Message History

A shock serpent skeleton comes into view.
The hellion gestures at you.
The sphere of damnation explodes!
The damnation engulfs you!
* * * LOW HITPOINT WARNING * * *
The damnation engulfs your spectral weapon!!
Your spectral weapon shares its damage with you!
* * * LOW HITPOINT WARNING * * *
You hear a roar!
You hear a shout!
You block the shock serpent skeleton's attack.
You block the hellion's attack.
The wraith hits your spectral weapon but does no damage.
The shock serpent skeleton misses you.
There is a gateway to Hell here.
Okay, then.
You slice the hellion!!
The hellion is severely wounded.
You slash the shock serpent skeleton! The hellion gestures at you.
The sphere of damnation explodes!
The damnation engulfs you!!
You die...

##..^## '...(
...# #..... .#
...### . ....#
##....... ..
..≈§.##........
.≈
≈§§........§≈.
.. ..
#≈§§......... ..
..≈#§§2§≈≈.....#
##
..§§§(@Z§§§..# #
......§§§§§§..#
.# ..§...#§W§§#
.. .≈§....§§§##
.. . §....§.§#
.. ...≈≈#≈..#
....≈###≈§#
.≈≈≈≈ #≈.# .≈≈
#≈..


You could see a hellion, a wraith, a shock serpent skeleton and a friendly +9
spectral broad axe (summoned).

Vanquished Creatures
  Antaeus (Coc:7)
  13 ancient liches
  10 orbs of fire
  The ghost of Muffal the Impregnable, a legendary FoFi of the Shining One (Depths:3)
  7 juggernauts
  The ghost of Taeseit the Warrior, a veteran GrFi of the Shining One (Crypt:3)
  2 greater mummies (Zig:12)
  Boris (twice) (Depths:3 Crypt:1)
  Sojobo (Vaults:3)
  Saint Roka (Vaults:4)
  Bai Suzhen (Snake:4)
  5 Killer Klowns (Zot:5)
  Frederick (Vaults:4)
  22 shard shrikes
  2 caustic shrikes
  4 curse toes
  Geryon (Hell)
  16 golden dragons
  16 bone dragons
  the Enchantress (Depths:4)
  A Hellbinder (WizLab)
  A profane servitor (Zig:23)
  7 electric golems
  An iron giant (Zig:8)
  5 Brimstone Fiends
  17 liches
  Rupert (D:14)
  Jorgrun (Elf:2)
  The ghost of Tiroe the Gelid, an adept PaDe of Cheibriados (Depths:2)
  Asterion (Vaults:3)
  25 Ice Fiends
  25 Orb Guardians (Zot:5)
  The ghost of feta the Spry, an adept OpIE of Vehumet (Swamp:4)
  2 Hell Sentinels (Zig:8)
  28 tentacled monstrosities
  10 deep elf master archers
  7 quicksilver dragons
  A deep elf blademaster (Elf:3)
  15 titans
  7 ancient champions
  8 acid blobs
  10 shadow dragons
  10 sphinxes
  5 tentacled starspawn
  13 death cobs
  7 thorn hunters
  22 storm dragons
  7 draconian monks
  Agnes (Vaults:3)
  8 tengu reavers
  Kirke (Swamp:1)
  2 azure jellies (Zig:14)
  The ghost of Meder the Geomancer, an adept GrEE of Vehumet (Swamp:3)
  20 nagarajas
  Roxanne (Snake:2)
  15 fire giants
  8 revenants
  A fenstrider witch (Zig:18)
  A daeva (Zig:19)
  Donald (Elf:3)
  8 orc warlords
  9 draconian scorchers
  A corrupter (Zig:19)
  Louise (Swamp:4)
  8 draconian knights
  11 deep elf sorcerers
  24 frost giants
  5 balrugs
  3 ghost moths
  A juggernaut zombie (Zig:12)
  5 iron dragons
  15 vault wardens
  2 cacodemons
  A deep elf elementalist (Elf:3)
  10 curse skulls
  6 draconian shifters
  8 draconian stormcallers
  A caustic shrike zombie (Hell)
  4 spriggan defenders
  11 very ugly things
  23 reapers
  2 entropy weavers
  6 ghouls
  5 war gargoyles
  13 ironheart preservers
  3 elemental wellsprings
  7 draconian annihilators
  14 green draconians
  19 vampire knights
  8 deep elf demonologists
  8 deep elf annihilators
  5 lorocyprocas
  2 bennus (Zig:12)
  10 white draconians
  3 black suns
  A minotaur (Gauntlet)
  47 stone giants
  6 bunyips
  11 yellow draconians
  6 spark wasps
  17 black draconians
  5 purple draconians
  4 merfolk javelineers
  24 ettins
  2 ettins (shapeshifter)
  Snorg (Lair:5)
  13 blizzard demons
  14 eidola
  13 red draconians
  7 green deaths
  2 mummy priests (Zig:12)
  12 deep elf death magi
  13 jiangshi
  2 merfolk impalers
  6 eleionomae
  2 death oozes
  2 shambling mangroves
  A deep elf high priest (Elf:1)
  21 fire dragons
  2 crystal guardians
  4 quicksilver dragon zombies
  13 great orbs of eyes
  31 yaktaur captains
  24 hydras
  The ghost of Zamiunan the Grappler, a journeyman GrMo of Okawaru (Lair:4)
  14 boulder beetles
  13 naga warriors
  5 rakshasas
  A hell beast (WizLab)
  3 kraken zombies
  31 ice dragons
  5 quicksilver dragon skeletons
  32 vault guards
  3 ghost crabs
  Erica (Orc:1)
  An anaconda (shapeshifter) (Elf:3)
  24 anacondas
  7 death knights
  7 spriggan air magi
  2 catoblepae
  A merfolk avatar (Zig:3)
  2 merfolk aquamancers (Zig:6)
  17 centaur warriors
  7 satyrs (Zig:22)
  2 death scarabs (Zig:12)
  25 dancing weapons
  15 ogre magi
  11 alligators
  Urug (Orc:2)
  A queen ant (shapeshifter) (Depths:2)
  12 deep troll shamans
  49 two-headed ogres
  11 orc high priests
  11 tengu warriors
  10 death yaks (Lair:6)
  6 titan zombies
  17 hell hogs
  10 deep troll earth magi
  21 vampire magi
  10 sun demons
  6 soul eaters
  18 naga sharpshooters
  14 shock serpents
  11 spriggan berserkers
  6 thrashing horrors
  6 spriggans
  Sonja (Orc:1)
  4 goliath frogs
  15 deep elf knights
  27 hell knights
  3 storm dragon zombies
  An iron golem (Zig:8)
  3 spatial maelstroms
  8 wretched stars
  2 fire crabs (shapeshifter)
  3 sixfirhies
  22 deep trolls
  71 skeletal warriors
  2 salamander mystics (Snake:2)
  8 golden dragon zombies
  6 iron trolls
  7 titan skeletons
  5 storm dragon skeletons
  14 anaconda zombies
  A death drake (Zig:18)
  6 unseen horrors
  12 bog bodies
  2 obsidian statues (Zig:7)
  A death drake (shapeshifter) (Depths:4)
  A quicksilver dragon simulacrum (Coc:7)
  7 shadow wraiths
  11 spriggan druids
  A shadow demon (WizLab)
  2 orange crystal statues
  7 naga ritualists
  12 flayed ghosts
  18 deep elf archers
  A kraken simulacrum (Coc:3)
  4 shadow dragon zombies
  2 sea snakes
  15 ironbrand convokers
  9 necromancers
  20 swamp dragons
  9 wizards
  15 phantasmal warriors
  A golden dragon skeleton (Coc:4)
  A harpy (shapeshifter) (Elf:2)
  5 anaconda skeletons
  12 orc knights
  5 glowing orange brains
  63 deep elf magi
  4 iron dragon zombies
  4 wolf spiders
  3 harpies (Vaults:2)
  6 orc sorcerers
  2 tengu zombies
  A wolf spider (shapeshifter) (Depths:1)
  55 ugly things
  4 shadow dragon skeletons
  16 mana vipers
  A wolf spider zombie (Crypt:3)
  A manticore (shapeshifter) (Zig:9)
  3 oklob plants
  5 manticores
  8 will-o-the-wisps
  7 frost giant zombies
  17 salamanders
  2 shining eyes (Zig:14)
  7 fauns (Zig:22)
  A human skeleton (Vaults:3)
  21 large abominations
  14 cyclopes
  A sphinx skeleton (Crypt:2)
  4 stone giant zombies
  23 elephants
  9 frost giant skeletons
  An iron dragon skeleton (Coc:2)
  25 moths of wrath
  7 fire giant zombies
  2 elephants (shapeshifter)
  28 black mambas
  An apocalypse crab (Zig:19)
  An eleionoma skeleton (Crypt:2)
  11 fire giant skeletons
  13 guardian serpents
  A guardian serpent (shapeshifter) (Vaults:4)
  2 ice statues
  A stone giant skeleton (Geh:3)
  3 water nymphs
  2 shock serpent zombies
  6 rust devils
  An eye of devastation (shapeshifter) (Depths:4)
  An eye of devastation (Zig:5)
  10 smoke demons
  20 vault sentinels
  A titan simulacrum (Coc:4)
  3 torpor snails
  11 cane toads
  23 naga magi
  A shock serpent skeleton (Coc:3)
  3 orange demons
  2 dire elephant zombies
  A storm dragon simulacrum (Coc:7)
  9 rime drakes
  A gargoyle (D:12)
  67 yaktaurs
  A yellow draconian zombie (Crypt:3)
  8 efreet
  A minotaur zombie (Crypt:2)
  A catoblepas skeleton (Crypt:3)
  2 dire elephant skeletons (Coc:7)
  12 komodo dragons
  4 emperor scorpion zombies
  7 hellions
  A yaktaur (shapeshifter) (D:15)
  44 ice devils
  A minotaur skeleton (Geh:4)
  A golden dragon simulacrum (Coc:7)
  7 ancient zymes
  8 tengu conjurers
  57 freezing wraiths
  29 tormentors
  A tyrant leech (shapeshifter) (Vaults:5)
  11 hydra zombies
  6 hellwings
  10 guardian mummies
  12 red devils
  20 trolls
  5 merfolk
  A black draconian skeleton (Crypt:1)
  3 meliai (D:14)
  4 polar bears
  2 trolls (shapeshifter)
  A sea snake skeleton (Crypt:3)
  3 harpy zombies
  A polar bear (shapeshifter) (Zig:17)
  Grinder (Sewer)
  A queen bee (D:14)
  8 raiju
  7 tyrant leeches
  A deep troll zombie (Hell)
  14 hornets
  A moth of wrath zombie (Crypt:1)
  14 blink frogs
  2 tengu simulacra (Vaults:3)
  A slime creature (shapeshifter) (Vaults:5)
  8 ettin zombies
  8 hydra skeletons
  43 slime creatures
  2 raiju (shapeshifter)
  A harpy skeleton (Coc:1)
  An ice dragon zombie (Coc:1)
  A dream sheep (Lair:4)
  5 alligator zombies
  A frost giant simulacrum (Vaults:2)
  Sigmund (D:3)
  3 ice dragon skeletons
  A redback (shapeshifter) (Depths:2)
  11 shadows
  2 black mamba zombies
  9 ettin skeletons
  5 fire dragon skeletons
  77 flying skulls
  16 water elementals
  2 air elementals
  A yak (shapeshifter) (Vaults:3)
  2 hogs (shapeshifter)
  26 vampires (Crypt:3)
  6 ynoxinuls
  34 wraiths
  27 yaks
  4 alligator skeletons
  6 wyverns
  3 ushabtiu (Zig:12)
  24 fire elementals
  4 hogs
  2 basilisks (shapeshifter) (Depths:1)
  A golden eye (shapeshifter) (Vaults:3)
  7 chaos spawn
  6 neqoxecs
  7 basilisks
  A black mamba skeleton (Coc:7)
  4 golden eyes
  9 vampire mosquitoes
  A yaktaur simulacrum (Vaults:2)
  An insubstantial wisp (Zig:19)
  A naga (shapeshifter) (D:15)
  16 swamp worms
  2 soldier ants
  10 wargs
  A human zombie (Hell)
  4 spatial vortices
  50 nagas
  An acid dragon (Vaults:2)
  A harpy simulacrum (Coc:2)
  A floating eye (shapeshifter) (Depths:4)
  3 hydra simulacra
  A water moccasin (shapeshifter) (Vaults:2)
  14 ice beasts
  24 hell hounds
  18 water moccasins
  3 floating eyes
  14 cane toad zombies
  2 snapping turtle zombies
  A gelid demonspawn skeleton (Crypt:1)
  66 orc warriors
  10 swamp drakes
  5 sky beasts
  2 black bears (shapeshifter)
  6 black bears
  A meliai simulacrum (D:15)
  A merfolk skeleton (Geh:2)
  21 starcursed masses
  5 cane toad skeletons
  2 eyes of draining
  2 ice dragon simulacra
  7 necrophages
  A sky beast (shapeshifter) (Zig:17)
  9 boggarts
  An eye of draining (shapeshifter) (Depths:2)
  7 phantoms
  21 wolves
  33 centaurs
  A tengu (shapeshifter) (Vaults:1)
  41 ogres
  3 snapping turtle skeletons
  4 swamp dragon skeletons
  A manticore skeleton (Coc:7)
  A blink frog skeleton (Crypt:3)
  2 big kobolds (Sewer)
  A rime drake zombie (Crypt:3)
  15 bullfrogs
  Blork the orc (D:4)
  A palentonga zombie (Crypt:2)
  3 earth elementals
  A cane toad simulacrum (Coc:3)
  5 scorpions
  12 small abominations
  A shapeshifter zombie (Crypt:1)
  An oklob sapling (Swamp:2)
  3 human simulacra
  24 killer bees
  59 wights
  11 crimson imps
  2 centaur zombies
  5 howler monkeys
  A bullfrog zombie (D:13)
  3 quasits
  22 orc priests
  8 jellies
  8 hounds
  6 iron imps
  Ijyb (D:3)
  6 centaur skeletons
  4 iguanas
  17 orc wizards
  9 worker ants
  8 hell rats
  A killer bee zombie (D:6)
  2 big kobold zombies
  2 dwarf zombies
  A naga zombie (Crypt:2)
  A big kobold skeleton (Crypt:1)
  A naga skeleton (Geh:3)
  A hound zombie (D:7)
  A hound skeleton (D:5)
  11 mummies
  4 worker ant zombies
  3 gnolls (D:9)
  9 adders
  10 shadow imps
  20 white imps
  7 ufetubi
  2 oozes (Sewer)
  2 worms
  A barachi skeleton (Crypt:1)
  4 dart slugs
  7 leopard geckos
  139 orcs
  A bat zombie (Sewer)
  3 giant cockroaches (Sewer)
  3 goblins
  5 hobgoblins
  21 jackals
  6 quokkas
  2 ball pythons
  7 bats
  3 frilled lizards
  A giant cockroach zombie (Sewer)
  A goblin skeleton (Crypt:3)
  A jackal skeleton (D:7)
  13 kobolds
  2 kobold zombies
  An orc zombie (Geh:3)
  A quokka skeleton (D:4)
  A rat skeleton (Crypt:2)
  8 briar patches
  6 crawling corpses
  A fungus (Swamp:2)
  6 starspawn tentacles
  5 tentacles
4019 creatures vanquished.

Vanquished Creatures (collateral kills)
  An acid blob (Zig:10)
  A naga mage (Snake:4)
  A slime creature (Zig:10)
3 creatures vanquished.

Vanquished Creatures (others)
  2 golden dragons (Zig:18)
  A deep elf blademaster (Elf:3)
  A shadow dragon (Zig:24)
  3 revenants (Zig:24)
  2 draconian knights
  3 draconian scorchers
  2 curse skulls (Zig:24)
  2 elemental wellsprings (Coc:7)
  A green draconian (Zot:1)
  A large abomination (Elf:3)
  A fire dragon (Zig:16)
  A deep elf death mage (Zig:24)
  2 alligators
  2 anacondas (Snake:4)
  A hell hog (Hell)
  A goliath frog (Zig:18)
  A skeletal warrior (Coc:6)
  2 phantasmal warriors
  2 necromancers (Geh:3)
  An anaconda skeleton (Geh:4)
  A golden dragon skeleton (Zig:12)
  A will-o-the-wisp (Swamp:2)
  2 naga magi
  A tormentor (Coc:2)
  2 bloated husks
  A human (Swamp:2)
  A naga (Snake:4)
  A swamp drake (Swamp:4)
  A boggart (Vaults:1)
  2 ogres
  A wight (Geh:1)
  4 briar patches (Swamp:2)
  33 demonic plants (Gauntlet)
  30 foxfires
  51 fungi
  66 plants
  10 starspawn tentacles
  16 tentacles
256 creatures vanquished.

Grand Total: 4278 creatures vanquished

Notes
Turn   | Place    | Note
-------+----------+-------------------------------------------
     0 | D:1      | Ijustatesigmund the Hill Orc Fighter began the quest for
                  | the Orb.
     0 | D:1      | Reached XP level 1. HP: 19/19 MP: 1/1
    50 | D:1      | Reached XP level 2. HP: 13/26 MP: 2/2
   855 | D:2      | Reached XP level 3. HP: 25/31 MP: 3/3
  1122 | D:2      | Reached skill level 5 in Axes
  1161 | D:2      | Found a basalt altar of Yredelemnul.
  1939 | D:3      | Found an ancient bone altar of Kikubaaqudgha.
  1945 | D:3      | Reached XP level 4. HP: 39/39 MP: 4/4
  2012 | D:3      | Noticed Sigmund
  2029 | D:3      | Killed Sigmund
  2030 | D:3      | Reached XP level 5. HP: 25/45 MP: 5/5
  2030 | D:3      | Reached XP level 6. HP: 29/51 MP: 6/6
  2200 | D:3      | Found an ornate altar of the Wu Jian Council.
  2336 | D:3      | Noticed Ijyb
  2360 | D:3      | Killed Ijyb
  2647 | D:3      | You fall into a shaft and drop 2 floors!
  2647 | D:5      | Entered Level 5 of the Dungeon
  2657 | D:5      | Learned a level 1 spell: Apportation
  2791 | D:4      | Noticed Blork the orc
  2799 | D:4      | Killed Blork the orc
  2963 | D:4      | Reached XP level 7. HP: 54/59 MP: 7/7
  2977 | D:4      | Found a snail-covered altar of Cheibriados.
  3026 | D:4      | Found a glowing drain.
  3038 | Sewer    | Entered a sewer
  3142 | Sewer    | Reached skill level 1 in Translocations
  3184 | Sewer    | Found an ancient bone altar of Kikubaaqudgha.
  3277 | Sewer    | Reached skill level 5 in Fighting
  3335 | Sewer    | Noticed Grinder
  3342 | Sewer    | Paralysed by Grinder for 7 turns
  3347 | Sewer    | HP: 2/61 [Grinder/nerve-wracking pain (4)]
  3350 | Sewer    | Gained mutation: Scrolls take you a little longer to read.
                  | [potion of mutation]
  3350 | Sewer    | Gained mutation: You are resistant to hostile enchantments.
                  | (MR+) [potion of mutation]
  3357 | Sewer    | Killed Grinder
  3358 | Sewer    | Reached XP level 8. HP: 20/68 MP: 8/8
  3620 | Sewer    | Lost mutation: Scrolls take you a little longer to read.
                  | [potion of mutation]
  3620 | Sewer    | Lost mutation: You are resistant to hostile enchantments.
                  | (MR+) [potion of mutation]
  3620 | Sewer    | Gained mutation: You are partially covered in large bone
                  | plates. (SH +4) [potion of mutation]
  3620 | Sewer    | Gained mutation: You are weak. (Str -2) [potion of
                  | mutation]
  3620 | Sewer    | Gained mutation: Your flesh is heat resistant. (rF+)
                  | [potion of mutation]
  3864 | D:4      | Found Aloeng's Book Emporium.
  4373 | D:5      | Reached skill level 1 in Dodging
  4786 | D:5      | Found a stormy altar of Qazlal.
  4887 | D:5      | Found a hazy altar of Hepliaklqana.
  4985 | D:6      | Found a glowing golden altar of the Shining One.
  5025 | D:6      | Reached skill level 10 in Axes
  5025 | D:6      | Reached XP level 9. HP: 49/78 MP: 9/9
  5175 | D:4      | Became a worshipper of Cheibriados the Contemplative
  5294 | D:6      | Reached skill level 1 in Invocations
  5472 | D:6      | Reached * piety under Cheibriados
  5549 | D:6      | Found a staircase to the Ecumenical Temple.
  5781 | D:7      | Found Dyxtokk's Antique Weapon Shoppe.
  6437 | D:7      | Reached ** piety under Cheibriados
  6965 | D:8      | Noticed a manticore
  6975 | D:8      | Killed a manticore
  6976 | D:8      | Reached skill level 5 in Invocations
  6976 | D:8      | Reached XP level 10. HP: 19/89 MP: 12/14
  7404 | D:8      | Reached *** piety under Cheibriados
  7411 | D:8      | Reached skill level 5 in Armour
  7504 | D:8      | Found a white marble altar of Elyvilon.
  7516 | D:8      | Learned a level 2 spell: Blink
  7577 | D:8      | Reached skill level 5 in Shields
  8086 | D:8      | Killed an unseen horror
  8681 | D:9      | Reached **** piety under Cheibriados
  8756 | D:9      | Found Jastraufe's Magic Scroll Shop.
  8759 | D:9      | Bought a scroll of immolation for 49 gold pieces
  8759 | D:9      | Bought a scroll of brand weapon for 280 gold pieces
  9236 | D:10     | Entered Level 10 of the Dungeon
  9245 | D:10     | Noticed a two-headed ogre
  9252 | D:10     | Reached XP level 11. HP: 97/97 MP: 16/16
  9256 | D:10     | Killed a two-headed ogre
  9603 | D:10     | Reached ***** piety under Cheibriados
  9604 | D:10     | Found a staircase to the Lair.
  9856 | D:10     | Reached skill level 10 in Fighting
 10053 | D:10     | Found a staircase to the Orcish Mines.
 10347 | D:11     | Noticed a cyclops
 10352 | D:11     | Killed a cyclops
 10404 | D:11     | Noticed a boulder beetle
 10413 | D:11     | Killed a boulder beetle
 10420 | D:11     | Noticed a tengu warrior
 10421 | D:11     | Noticed a tengu warrior
 10422 | D:11     | Noticed a manticore
 10430 | D:11     | Killed a tengu warrior
 10432 | D:11     | Killed a tengu warrior
 10434 | D:11     | Killed a manticore
 10773 | D:11     | Killed an unseen horror
 11195 | D:12     | Found a broken altar of Ashenzari.
 11216 | D:12     | Found a gate leading to a gauntlet.
 11218 | D:12     | Noticed a two-headed ogre
 11223 | D:12     | Killed a two-headed ogre
 11224 | D:12     | Reached XP level 12. HP: 108/108 MP: 17/19
 11227 | Gauntlet | Entered a Gauntlet
 11227 | Gauntlet | Found a transporter.
 11227 | Gauntlet | Found a transporter.
 11250 | Gauntlet | Found a transporter.
 11265 | Gauntlet | Found a transporter.
 11267 | Gauntlet | Noticed a thrashing horror
 11280 | Gauntlet | Found a transporter.
 11293 | Gauntlet | Found a transporter.
 11312 | Gauntlet | Found a transporter.
 11359 | Gauntlet | Noticed an entropy weaver
 11386 | Gauntlet | Found a transporter.
 11401 | Gauntlet | Found a transporter.
 11404 | Gauntlet | Noticed a reaper
 11423 | Gauntlet | Found a transporter.
 11430 | Gauntlet | Found a transporter.
 11500 | Gauntlet | Found a transporter.
 11654 | Gauntlet | Got a crude turquoise ring
 11656 | Gauntlet | Killed a thrashing horror
 11922 | Gauntlet | Identified the ring "Mocryro" {+Blink rC+ rN++ AC+4 Dex-2}
                  | (You found it in a Gauntlet)
 11935 | Gauntlet | Found a transporter.
 11955 | Gauntlet | Found a transporter.
 11993 | Gauntlet | Noticed a minotaur
 12007 | Gauntlet | Killed a minotaur
 12048 | D:12     | Noticed a tengu warrior
 12058 | D:12     | Killed a tengu warrior
 12059 | D:12     | Reached skill level 10 in Invocations
 12140 | D:12     | Noticed a two-headed ogre
 12331 | D:12     | Killed a two-headed ogre
 12527 | D:12     | Noticed a boulder beetle
 12541 | D:12     | Killed a boulder beetle
 12751 | D:12     | Got a faintly humming chain mail
 12757 | D:12     | Identified the +4 chain mail "Nonyik" {rC++ MR+ MP+9} (You
                  | found it on level 12 of the Dungeon)
 13229 | D:13     | Found Izusi's Distillery.
 13234 | D:13     | Bought a potion of curing for 33 gold pieces
 13234 | D:13     | Bought a potion of heal wounds for 55 gold pieces
 13234 | D:13     | Bought a potion of curing for 33 gold pieces
 13388 | D:13     | Found Qet Joh's General Store.
 13520 | D:13     | Reached XP level 13. HP: 117/117 MP: 21/21
 13627 | D:13     | Found Hehakh's Magic Scroll Boutique.
 13633 | D:13     | Reached ****** piety under Cheibriados
 13638 | D:13     | Bought a scroll of brand weapon for 260 gold pieces
 13793 | D:13     | Found Fyqerir's Book Boutique.
 13829 | D:13     | Found a white marble altar of Elyvilon.
 14095 | Lair:1   | Entered Level 1 of the Lair of Beasts
 14394 | Lair:1   | You fall into a shaft and drop 1 floor!
 14425 | Lair:1   | Reached skill level 1 in Evocations
 14738 | Lair:1   | Reached skill level 5 in Dodging
 16301 | Lair:3   | Found a staircase to the Swamp.
 16665 | Lair:4   | Reached skill level 5 in Evocations
 16666 | Lair:4   | Reached XP level 14. HP: 95/126 MP: 23/23
 16797 | Lair:4   | Noticed Zamiunan's ghost (journeyman GrMo)
 16812 | Lair:4   | Found a transporter.
 16840 | Lair:4   | Killed Zamiunan's ghost
 16842 | Lair:4   | Found a transporter.
 16843 | Lair:4   | Got a pitted ivory ring
 16845 | Lair:4   | Identified the ring of the Rose {MR+ Int+2} (You found it
                  | on level 4 of the Lair of Beasts)
 17236 | Lair:4   | Found a staircase to the Snake Pit.
 17963 | Lair:5   | Found a viscous altar of Jiyva.
 17963 | Lair:5   | Found a staircase to the Slime Pits.
 18305 | Lair:5   | Noticed Snorg
 18416 | Lair:5   | Killed Snorg
 18917 | Lair:6   | Entered Level 6 of the Lair of Beasts
 19598 | Lair:6   | Reached XP level 15. HP: 92/134 MP: 26/26
 19633 | Lair:6   | Reached skill level 10 in Armour
 19789 | Lair:6   | Reached skill level 15 in Invocations
 19880 | Lair:6   | Reached skill level 15 in Axes
 20719 | Orc:1    | Entered Level 1 of the Orcish Mines
 20719 | Orc:1    | Noticed Erica
 20723 | Orc:1    | Noticed Sonja
 20731 | Orc:1    | Killed Erica
 21046 | Orc:1    | Killed Sonja
 21244 | Orc:2    | Entered Level 2 of the Orcish Mines
 21392 | Orc:2    | Found a staircase to the Elven Halls.
 21403 | Orc:2    | Noticed an orc warlord
 21426 | Orc:2    | Killed an orc warlord
 21736 | Orc:2    | Found a roughly hewn altar of Beogh.
 21815 | Orc:2    | Noticed Urug
 21824 | Orc:2    | Killed Urug
 22165 | Orc:2    | Found a roughly hewn altar of Beogh.
 22234 | Orc:2    | Noticed an orc warlord
 22700 | Orc:2    | Killed an orc warlord
 22886 | Orc:2    | Found a roughly hewn altar of Beogh.
 22886 | Orc:2    | Found Oriupsom's Antique Armour Emporium.
 22892 | Orc:2    | Found Tos Xabb's Antique Weapon Shoppe.
 22901 | Orc:2    | Bought a warped cloak for 304 gold pieces
 22911 | Orc:2    | Identified the +1 cloak of Hugemeon {Str+2 Int+2} (You
                  | bought it in a shop on level 2 of the Orcish Mines)
 23068 | Orc:2    | Found a roughly hewn altar of Beogh.
 23069 | Orc:2    | Found Cuus Zeopn's General Store.
 23147 | Orc:2    | Bought a potion of heal wounds for 70 gold pieces
 23287 | Orc:2    | Found a roughly hewn altar of Beogh.
 23305 | Orc:2    | Found Wobb's General Store.
 23659 | D:14     | Found a shimmering altar of Xom.
 23961 | D:14     | Reached XP level 16. HP: 144/144 MP: 27/27
 24050 | D:14     | Noticed Rupert
 24053 | D:14     | Paralysed by Rupert for 3 turns
 24070 | D:14     | Killed Rupert
 24071 | D:14     | Reached skill level 5 in Translocations
 24558 | D:14     | Found a gate to the Vaults.
 24641 | D:15     | Entered Level 15 of the Dungeon
 25444 | D:15     | Found a roughly hewn altar of Beogh.
 25715 | D:15     | Found a staircase to the Depths.
 25957 | Snake:1  | Entered Level 1 of the Snake Pit
 26794 | Snake:1  | Found Tiuner's Magic Scroll Shop.
 26794 | Snake:1  | Found Xuissuow's General Store.
 26795 | Snake:1  | Found Poih's Assorted Antiques.
 26799 | Snake:1  | Found Igixul's General Store.
 26808 | Snake:1  | Bought a scroll of enchant weapon for 75 gold pieces
 26808 | Snake:1  | Bought a scroll of identify for 20 gold pieces
 26808 | Snake:1  | Bought a scroll of identify for 20 gold pieces
 27546 | Snake:1  | Reached XP level 17. HP: 154/154 MP: 29/29
 28009 | Snake:2  | Reached skill level 15 in Fighting
 29279 | Snake:2  | Identified Roxanne's Handbook of Clay
 29279 | Snake:2  | Noticed Roxanne
 29314 | Snake:2  | Killed Roxanne
 31352 | Snake:4  | Entered Level 4 of the Snake Pit
 31470 | Snake:4  | Found Xisk's Antique Armour Shoppe.
 31731 | Snake:4  | Bought a faintly humming cloak for 190 gold pieces
 31741 | Snake:4  | Identified the +0 cloak of Limited Liability {*Corrode rC++
                  | rN++} (You bought it in a shop on level 4 of the Snake Pit)
 32476 | Snake:4  | Reached XP level 18. HP: 96/166 MP: 31/31
 33015 | Snake:4  | Noticed Bai Suzhen
 33083 | Snake:4  | Killed Bai Suzhen
 33578 | Snake:4  | Found Odann's Jewellery Shoppe.
 34516 | Snake:4  | Got a serpentine rune of Zot
 34804 | Swamp:1  | Entered Level 1 of the Swamp
 35025 | Swamp:1  | Identified the +9 trident "Glorpo" {vorpal, *Slow rPois
                  | rF+++ Int+4}
 35037 | Swamp:1  | Reached skill level 10 in Shields
 35427 | Swamp:1  | Identified the +7 trident of Virtue {drain, rElec rN++}
                  | (You found it on level 1 of the Swamp)
 36010 | Swamp:2  | Noticed Kirke
 36033 | Swamp:1  | Killed Kirke
 36725 | Swamp:2  | Reached XP level 19. HP: 128/177 MP: 32/32
 37721 | Swamp:4  | Entered Level 4 of the Swamp
 38332 | Swamp:3  | Found a runed translucent gate.
 38332 | Swamp:3  | Found a runed translucent gate.
 38333 | Swamp:3  | Found a runed translucent gate.
 38336 | Swamp:3  | Noticed Meder's ghost (adept GrEE)
 38367 | Swamp:3  | Killed Meder's ghost
 39001 | Swamp:4  | Found a runed translucent door.
 39001 | Swamp:4  | Noticed feta's ghost (adept OpIE)
 39010 | Swamp:4  | Killed feta's ghost
 39363 | Swamp:4  | Noticed Louise
 39383 | Swamp:4  | Killed Louise
 39991 | Swamp:4  | Got a decaying rune of Zot
 40403 | Vaults:1 | Entered Level 1 of the Vaults
 40429 | Vaults:1 | Reached skill level 15 in Shields
 40672 | Vaults:1 | Reached XP level 20. HP: 102/184 MP: 33/33
 41109 | Vaults:1 | You fall into a shaft and drop 1 floor!
 41905 | Vaults:1 | Found Bissiul's Armour Emporium.
 42385 | Vaults:1 | Paralysed by a wizard for 6 turns
 42716 | Vaults:2 | Reached skill level 1 in Throwing
 43101 | Vaults:2 | Reached XP level 21. HP: 191/191 MP: 34/34
 43500 | Vaults:2 | Reached skill level 5 in Throwing
 43749 | Vaults:3 | Found a magical portal.
 43771 | WizLab   | Entered The Hall of the Hellbinder
 44434 | WizLab   | Found a burning altar of Makhleb.
 44457 | WizLab   | Gained mutation: You are very weak. (Str -4) [a neqoxec]
 44461 | WizLab   | Gained mutation: You are agile. (Dex +2) [a neqoxec]
 44480 | WizLab   | Identified the ring of Tel Hoinia {rPois EV+4} (You found
                  | it in a wizard's laboratory)
 44500 | WizLab   | Noticed Cowk
 44512 | WizLab   | Killed Cowk the Hellbinder
 44523 | WizLab   | Identified the Volume of the Escort
 44867 | Vaults:3 | Reached skill level 1 in Summonings
 45196 | Vaults:3 | Noticed Agnes
 45197 | Vaults:3 | Noticed Sojobo
 45198 | Vaults:3 | Noticed Asterion
 45203 | Vaults:3 | Killed Agnes
 45210 | Vaults:3 | Killed Sojobo
 45217 | Vaults:3 | Killed Asterion
 45756 | Vaults:3 | Reached skill level 5 in Summonings
 46267 | Vaults:3 | Found a staircase to the Crypt.
 46267 | Vaults:3 | Found a basalt altar of Yredelemnul.
 46268 | Vaults:3 | Found an ancient bone altar of Kikubaaqudgha.
 46672 | Vaults:4 | Reached XP level 22. HP: 172/200 MP: 35/35
 47377 | Vaults:4 | Found Leppetetosch's Book Shoppe.
 48001 | Vaults:4 | Noticed Saint Roka
 48026 | Vaults:4 | Killed Saint Roka
 48219 | Vaults:4 | Reached skill level 10 in Summonings
 48858 | Depths:1 | Entered Level 1 of the Depths
 48997 | Depths:1 | You fall into a shaft and drop 1 floor!
 49103 | Depths:2 | Identified the amulet "Needd" {rF++ Regen+ Str+4 Int-4}
                  | (You found it on level 2 of the Depths)
 49111 | Depths:2 | Identified the amulet of Life {Reflect rPois rF- Str-2
                  | Int+8 SH+5} (You found it on level 2 of the Depths)
 49262 | Depths:2 | Reached skill level 10 in Throwing
 49358 | Depths:2 | Noticed a caustic shrike
 49384 | Depths:2 | Killed a caustic shrike
 49575 | Depths:2 | Reached XP level 23. HP: 121/206 MP: 36/36
 49872 | Depths:2 | Found a gateway to Hell.
 50164 | Depths:2 | Identified the ring of Xovimyp {rElec MR++ MP-9 Str+3
                  | Dex+6} (You found it on level 2 of the Depths)
 50352 | Depths:1 | Found Huzxuuqi's Distillery.
 50354 | Depths:1 | Found Unecexosh's Jewellery Emporium.
 50356 | Depths:1 | Found Oscheit's Gadget Shoppe.
 50360 | Depths:1 | Bought a potion of mutation for 104 gold pieces
 50360 | Depths:1 | Bought a potion of curing for 39 gold pieces
 50360 | Depths:1 | Bought a potion of heal wounds for 65 gold pieces
 50517 | Depths:1 | Found an iron altar of Okawaru.
 50777 | Depths:2 | Found a transporter.
 50778 | Depths:2 | Found a transporter.
 50778 | Depths:2 | Noticed Tiroe's ghost (adept PaDe)
 50778 | Depths:2 | Noticed a golden dragon
 50804 | Depths:2 | Killed a golden dragon
 50805 | Depths:2 | Killed Tiroe's ghost
 50905 | Depths:2 | Got a pair of faintly glowing gloves
 50911 | Depths:2 | Identified the +1 pair of gloves "Kuinlaicw" {rElec rPois
                  | Str+7 Int-4} (You found it on level 2 of the Depths)
 51645 | Depths:3 | Paralysed by a floating eye for 2 turns
 51817 | Depths:3 | Upgraded the game from 0.26-a0-835-g8259106e14 to
                  | 0.26-a0-837-g5a8a614f01
 51818 | Depths:3 | Noticed Boris
 51827 | Depths:3 | Killed Boris
 52072 | Depths:3 | Reached XP level 24. HP: 212/218 MP: 37/37
 52127 | Depths:3 | Found a one-way gate leading to the halls of Pandemonium.
 52251 | Depths:3 | Found a gateway to a ziggurat.
 52572 | Depths:3 | Paralysed by a floating eye for 2 turns
 53295 | Depths:4 | Noticed a juggernaut
 53309 | Depths:4 | Killed a juggernaut
 53691 | Depths:4 | Noticed the Enchantress
 53703 | Depths:4 | Killed the Enchantress
 53710 | Depths:4 | Reached XP level 25. HP: 91/228 MP: 29/37
 53828 | Depths:4 | You fall into a shaft and drop 1 floor!
 53828 | Depths:5 | Entered Level 5 of the Depths
 54178 | Depths:4 | Reached skill level 10 in Dodging
 54732 | Depths:4 | Found a one-way gate to the infinite horrors of the Abyss.
 55114 | Depths:5 | Learned a level 6 spell: Statue Form
 55245 | Depths:5 | Reached skill level 1 in Transmutations
 55245 | Depths:5 | Reached skill level 1 in Earth Magic
 55428 | Depths:5 | Found a gate to the Realm of Zot.
 56116 | Crypt:1  | Entered Level 1 of the Crypt
 56160 | Crypt:1  | Noticed Boris
 56170 | Crypt:1  | Killed Boris
 56179 | Crypt:1  | Reached XP level 26. HP: 146/239 MP: 38/38
 56189 | Crypt:1  | Paralysed by something for 2 turns
 56668 | Crypt:2  | Got a bound brass amulet
 56669 | Crypt:2  | Identified the amulet of Qibytix {Faith Int-5 Dex+6} (You
                  | found it on level 2 of the Crypt)
 56827 | Crypt:2  | Reached skill level 5 in Transmutations
 57153 | Crypt:2  | Reached skill level 5 in Earth Magic
 57436 | Crypt:3  | Entered Level 3 of the Crypt
 57456 | Crypt:3  | Paralysed by something for 6 turns
 57970 | Crypt:3  | Found a staircase to the Tomb.
 58745 | Crypt:3  | Found a runed translucent gate.
 58745 | Crypt:3  | Found a runed translucent gate.
 58746 | Crypt:3  | Found a runed translucent gate.
 58746 | Crypt:3  | Noticed Taeseit's ghost (veteran GrFi)
 58864 | Crypt:3  | Killed Taeseit's ghost
 59494 | Elf:1    | Entered Level 1 of the Elven Halls
 60373 | Elf:2    | Reached XP level 27. HP: 245/246 MP: 38/38
 60553 | Elf:2    | Found a runed translucent gate.
 60553 | Elf:2    | Found a runed translucent gate.
 60553 | Elf:2    | Found a runed translucent gate.
 60558 | Elf:2    | Reached skill level 10 in Transmutations
 60734 | Elf:2    | Noticed Jorgrun
 60748 | Elf:2    | Killed Jorgrun
 61342 | Elf:3    | Entered Level 3 of the Elven Halls
 61342 | Elf:3    | Noticed Donald
 61351 | Elf:3    | Killed Donald
 61367 | Elf:3    | Reached skill level 10 in Earth Magic
 61510 | Elf:3    | Found Wyin's General Store.
 61513 | Elf:3    | Bought a potion of heal wounds for 90 gold pieces
 61846 | Elf:3    | Identified the cursed +3 flail "Newt's Funeral" {flame,
                  | rPois}
 62066 | Elf:3    | Identified the Collected Works on Doomed Intoxication
 62132 | Elf:3    | Identified Sif Muna's Papyrus of Displaced Dark Rites
 62183 | Elf:3    | Learned a level 3 spell: Lesser Beckoning
 62594 | Vaults:5 | Entered Level 5 of the Vaults
 62712 | Vaults:5 | Noticed Frederick
 62748 | Vaults:4 | Killed Frederick
 62933 | Vaults:5 | Identified the amulet "Sacal" {Reflect +Fly rN+ Dex+4 SH+5}
 63073 | Vaults:5 | Identified the cursed +1 leather armour of Abstinence
                  | {Regen+}
 63340 | Vaults:5 | Identified the +10 quarterstaff "Iqevelun" {vorpal, *Noise
                  | rF+ rN+ Stlth+}
 63376 | Vaults:5 | Noticed an ancient lich
 63389 | Vaults:5 | Killed an ancient lich
 63692 | Vaults:5 | Reached skill level 10 in Evocations
 63765 | Vaults:5 | Identified the Papyrus of Shifting Summoning
 63787 | Vaults:5 | Got a silver rune of Zot
 63807 | Vaults:5 | Identified the amulet "Ifrufit" {Reflect rElec Int+6 SH+5}
                  | (You found it on level 5 of the Vaults)
 63812 | Vaults:5 | Identified the Catalogue of Confrontation and the Volcanoes
 63988 | Vaults:5 | Identified the cursed +0 helmet "Ciasango" {Str+4 Dex+4
                  | Stlth+} (You found it on level 5 of the Vaults)
 64597 | Zot:1    | Entered Level 1 of the Realm of Zot
 66102 | Zot:2    | Noticed an orb of fire
 66113 | Zot:2    | Gained mutation: You have sharp toenails. [an orb of fire]
 66114 | Zot:2    | Gained mutation: Scrolls take you a little longer to read.
                  | [an orb of fire]
 66116 | Zot:2    | Killed an orb of fire
 66390 | Zot:2    | Reached skill level 15 in Evocations
 67393 | Zot:2    | Identified a scroll of acquirement
 67394 | Zot:2    | Noticed an ancient lich
 67404 | Zot:2    | Killed an ancient lich
 67535 | Zot:2    | Acquired a +2 kite shield of reflection
 67652 | Zot:3    | Reached skill level 1 in Slings
 67794 | Zot:3    | You fall into a shaft and drop 1 floor!
 68224 | Zot:3    | Noticed an orb of fire
 68224 | Zot:3    | Gained mutation: Your magical capacity is low. (-10% MP)
                  | [an orb of fire]
 68225 | Zot:3    | Gained mutation: Your body sometimes deteriorates upon
                  | taking damage. [an orb of fire]
 68226 | Zot:3    | Gained mutation: Scrolls take you longer to read. [an orb
                  | of fire]
 68233 | Zot:3    | Killed an orb of fire
 68731 | Zot:3    | Reached skill level 15 in Armour
 69310 | Zot:3    | Reached skill level 5 in Slings
 69663 | Zot:3    | Identified Vehumet's Almanac of Battle Magic
 69694 | Zot:3    | Acquired a manual of Transmutations
 70807 | Zot:4    | Reached skill level 15 in Transmutations
 71377 | Zot:5    | Entered Level 5 of the Realm of Zot
 71681 | Zot:5    | Noticed an orb of fire
 71689 | Zot:5    | Killed an orb of fire
 71689 | Zot:5    | Noticed an ancient lich
 71692 | Zot:5    | Noticed an ancient lich
 71698 | Zot:5    | Noticed an orb of fire
 71704 | Zot:5    | Noticed an orb of fire
 71716 | Zot:5    | Gained mutation: Your magical capacity is very low. (-20%
                  | MP) [an orb of fire]
 71718 | Zot:5    | Gained mutation: You are frail. (-10% HP) [an orb of fire]
 71720 | Zot:5    | Gained mutation: You are very frail. (-20% HP) [an orb of
                  | fire]
 71722 | Zot:5    | Gained mutation: You are occasionally teleported next to
                  | monsters. [an orb of fire]
 71899 | Zot:5    | Gained mutation: You are extremely frail. (-30% HP) [an orb
                  | of fire]
 71900 | Zot:5    | Gained mutation: Your magical capacity is extremely low.
                  | (-30% MP) [an orb of fire]
 71908 | Zot:5    | Killed an orb of fire
 71996 | Zot:5    | Killed an ancient lich
 72053 | Zot:5    | Killed an ancient lich
 72602 | Zot:5    | Noticed an ancient lich
 72608 | Zot:5    | Noticed an orb of fire
 72616 | Zot:5    | Gained mutation: Your spells are a little easier to cast,
                  | but a little less powerful. [an orb of fire]
 72795 | Zot:5    | Noticed an ancient lich
 72804 | Zot:5    | Killed an ancient lich
 72943 | Zot:5    | Killed an ancient lich
 73267 | Zot:5    | Gained mutation: Scrolls take you much longer to read. [an
                  | orb of fire]
 73268 | Zot:5    | Gained mutation: Armour fits poorly on your strangely
                  | shaped body. [an orb of fire]
 73270 | Zot:5    | Lost mutation: Armour fits poorly on your strangely shaped
                  | body. [an orb of fire]
 73272 | Zot:5    | Gained mutation: Your body often deteriorates upon taking
                  | damage. [an orb of fire]
 73276 | Zot:5    | Gained mutation: You are dopey. (Int -2) [an orb of fire]
 73277 | Zot:5    | Killed an orb of fire
 73424 | Zot:5    | Gained mutation: Your spells are easier to cast, but less
                  | powerful. [an orb of fire]
 73430 | Zot:5    | Killed an orb of fire
 73525 | Zot:5    | Lost mutation: Your spells are easier to cast, but less
                  | powerful. [potion of mutation]
 73525 | Zot:5    | Lost mutation: You are partially covered in large bone
                  | plates. (SH +4) [potion of mutation]
 73525 | Zot:5    | Lost mutation: You are agile. (Dex +2) [potion of mutation]
 73525 | Zot:5    | Lost mutation: Scrolls take you much longer to read.
                  | [potion of mutation]
 73525 | Zot:5    | Lost mutation: Your body often deteriorates upon taking
                  | damage. [potion of mutation]
 73525 | Zot:5    | Gained mutation: You are partially covered in large bone
                  | plates. (SH +4) [potion of mutation]
 73526 | Zot:5    | Lost mutation: You are dopey. (Int -2) [potion of mutation]
 73526 | Zot:5    | Lost mutation: You are extremely frail. (-30% HP) [potion
                  | of mutation]
 73526 | Zot:5    | Lost mutation: Your spells are a little easier to cast, but
                  | a little less powerful. [potion of mutation]
 73526 | Zot:5    | Gained mutation: You expend magic power (3 MP) to
                  | strengthen your wands. [potion of mutation]
 73527 | Zot:5    | Lost mutation: You are very frail. (-20% HP) [potion of
                  | mutation]
 73527 | Zot:5    | Lost mutation: Your magical capacity is extremely low.
                  | (-30% MP) [potion of mutation]
 73527 | Zot:5    | Lost mutation: Scrolls take you longer to read. [potion of
                  | mutation]
 73527 | Zot:5    | Lost mutation: You are frail. (-10% HP) [potion of
                  | mutation]
 73527 | Zot:5    | Gained mutation: You are partially covered in yellow
                  | scales. (AC +2) [potion of mutation]
 73528 | Zot:5    | Lost mutation: You have sharp toenails. [potion of
                  | mutation]
 73528 | Zot:5    | Lost mutation: Your body sometimes deteriorates upon taking
                  | damage. [potion of mutation]
 73528 | Zot:5    | Gained mutation: You are clumsy. (Dex -2) [potion of
                  | mutation]
 73528 | Zot:5    | Lost mutation: Scrolls take you a little longer to read.
                  | [potion of mutation]
 73528 | Zot:5    | Gained mutation: You have a pair of small antennae on your
                  | head. [potion of mutation]
 73529 | Zot:5    | Lost mutation: You have a pair of small antennae on your
                  | head. [potion of mutation]
 73529 | Zot:5    | Lost mutation: You are very weak. (Str -4) [potion of
                  | mutation]
 73529 | Zot:5    | Lost mutation: You are clumsy. (Dex -2) [potion of
                  | mutation]
 73529 | Zot:5    | Gained mutation: Your mind is acute. (Int +2) [potion of
                  | mutation]
 73529 | Zot:5    | Gained mutation: You evolve. [potion of mutation]
 73535 | Zot:5    | Lost mutation: You are occasionally teleported next to
                  | monsters. [potion of mutation]
 73535 | Zot:5    | Lost mutation: You expend magic power (3 MP) to strengthen
                  | your wands. [potion of mutation]
 73535 | Zot:5    | Gained mutation: You are robust. (+10% HP) [potion of
                  | mutation]
 73660 | Zot:2    | Gained mutation: You are partially covered in slimy green
                  | scales. (AC +2) [evolution]
 73768 | Zig:1    | Entered Level 1 of a ziggurat
 73792 | Zig:2    | Entered Level 2 of a ziggurat
 73828 | Zig:3    | Entered Level 3 of a ziggurat
 73860 | Zig:4    | Entered Level 4 of a ziggurat
 73876 | Zig:4    | Identified the +2 pair of gloves of the Stag {rN+ Dex+3}
                  | (You found it on level 4 of a ziggurat)
 73892 | Zig:5    | Entered Level 5 of a ziggurat
 73935 | Zig:6    | Entered Level 6 of a ziggurat
 74104 | Zig:7    | Entered Level 7 of a ziggurat
 74110 | Zig:7    | Noticed a juggernaut
 74111 | Zig:7    | Noticed a juggernaut
 74111 | Zig:7    | Noticed a juggernaut
 74125 | Zig:7    | Killed a juggernaut
 74130 | Zig:7    | Killed a juggernaut
 74290 | Zig:7    | Noticed a juggernaut
 74412 | Zig:8    | Entered Level 8 of a ziggurat
 74438 | Zig:8    | Found the +7 Spriggan's Knife {stab, EV+4 Stlth+}
 74444 | Zig:8    | Identified the ring "Arriv" {rPois MR+ Str+3 Int+3 Stlth+}
                  | (You found it on level 8 of a ziggurat)
 74526 | Zig:9    | Entered Level 9 of a ziggurat
 74606 | Zig:9    | Got a steaming lapis lazuli ring
 74607 | Zig:9    | Identified the ring "Laonie Dulu" {Ice +Inv Str+2} (You
                  | found it on level 9 of a ziggurat)
 74613 | Zig:9    | Got a coiled platinum ring
 74614 | Zig:9    | Identified the ring "Rusmoi" {+Blink MR+ Str+4 Int-3 Dex+6}
                  | (You found it on level 9 of a ziggurat)
 74641 | Zig:10   | Entered Level 10 of a ziggurat
 74658 | Zig:10   | Identified the Grimoire of the Mountains
 74660 | Zig:11   | Entered Level 11 of a ziggurat
 74835 | Zig:11   | Found the +8 whip "Snakebite" {curare, rPois}
 74848 | Zig:11   | Paralysed by accursed screaming for 1 turns
 74899 | Zig:11   | Identified Domnat's Incunabulum of Hexes and the Mountains
 75083 | Zig:12   | Entered Level 12 of a ziggurat
 75110 | Zig:12   | Noticed a greater mummy
 75110 | Zig:12   | Noticed a greater mummy
 75115 | Zig:12   | Killed a greater mummy
 75116 | Zig:12   | Killed a greater mummy
 75326 | Zig:12   | Got a flickering pewter ring
 75327 | Zig:12   | Identified the ring of Yhinleb {*Drain +Fly rPois rC- MR+}
                  | (You found it on level 12 of a ziggurat)
 75345 | Zig:13   | Entered Level 13 of a ziggurat
 75458 | Zig:13   | Identified the +6 plate armour "Yseugoci" {+Inv rF- rC+
                  | rN++} (You found it on level 13 of a ziggurat)
 75462 | Zig:13   | Identified the Guide on Congealing Evil Secrets
 75484 | Zig:14   | Entered Level 14 of a ziggurat
 75636 | Zig:14   | Found the +3 warlock's mirror {reflect}
 75645 | Zig:14   | Got a brightly glowing zirconium amulet
 75646 | Zig:14   | Identified the amulet "Fuwihot" {Inacc rC+} (You found it
                  | on level 14 of a ziggurat)
 75674 | Zig:15   | Entered Level 15 of a ziggurat
 75688 | Zig:15   | Upgraded the game from 0.26-a0-837-g5a8a614f01 to
                  | 0.26-a0-845-gfacbca91cf
 75900 | Zig:15   | Got a crude glass ring
 75901 | Zig:15   | Identified the ring of Itelesuuwuf {MR+ Str+3 Dex+6 Stlth+}
                  | (You found it on level 15 of a ziggurat)
 75909 | Zig:16   | Entered Level 16 of a ziggurat
 75919 | Zig:16   | Noticed an orb of fire
 75919 | Zig:16   | Gained mutation: You have large cloven feet. [an orb of
                  | fire]
 75921 | Zig:16   | Noticed an orb of fire
 75922 | Zig:16   | Noticed an orb of fire
 75922 | Zig:16   | Gained mutation: Your magical capacity is extremely low.
                  | (-30% MP) [an orb of fire]
 75922 | Zig:16   | Lost mutation: Your mind is acute. (Int +2) [an orb of
                  | fire]
 75923 | Zig:16   | Noticed an orb of fire
 75924 | Zig:16   | Noticed an orb of fire
 75926 | Zig:16   | Gained mutation: You are very weak. (Str -4) [an orb of
                  | fire]
 75931 | Zig:16   | Killed an orb of fire
 75933 | Zig:16   | Killed an orb of fire
 75934 | Zig:16   | Killed an orb of fire
 75934 | Zig:16   | Killed an orb of fire
 75936 | Zig:16   | Found the +10 morningstar "Eos" {elec, Halo rElec}
 75938 | Zig:17   | Entered Level 17 of a ziggurat
 76191 | Zig:17   | Noticed an ancient lich
 76193 | Zig:17   | Noticed an ancient lich
 76208 | Zig:17   | Killed an ancient lich
 76210 | Zig:17   | Killed an ancient lich
 76349 | Zig:17   | Got a heavily runed lapis lazuli ring
 76350 | Zig:17   | Identified the ring of Puovom {+Blink rF+ MP+9 Dex+3} (You
                  | found it on level 17 of a ziggurat)
 76362 | Zig:17   | Identified Sif Muna's Tome of Curses and Dark Secrets
 76367 | Zig:18   | Entered Level 18 of a ziggurat
 76579 | Zig:18   | Identified the ring of the Imp {rN+ Str-5 Int+5 Stlth+}
                  | (You found it on level 18 of a ziggurat)
 76582 | Zig:18   | Identified the amulet of Godieh {+Blink Regen+ Slay+3} (You
                  | found it on level 18 of a ziggurat)
 76595 | Zig:18   | Reached skill level 27 in Axes
 76595 | Zig:18   | Reached skill level 27 in Invocations
 76605 | Zig:19   | Entered Level 19 of a ziggurat
 76647 | Zig:19   | Noticed an ancient lich
 76659 | Zig:19   | Killed an ancient lich
 76871 | Zig:19   | Lost mutation: You are very weak. (Str -4) [evolution]
 76963 | Zig:20   | Entered Level 20 of a ziggurat
 77010 | Zig:20   | Noticed an ancient lich
 77010 | Zig:20   | Noticed an ancient lich
 77015 | Zig:21   | Entered Level 21 of a ziggurat
 77042 | Zig:21   | Noticed a juggernaut
 77044 | Zig:21   | Noticed a juggernaut
 77052 | Zig:21   | Killed a juggernaut
 77052 | Zig:21   | Killed a juggernaut
 77053 | Zig:21   | Noticed a juggernaut
 77053 | Zig:21   | Noticed a juggernaut
 77060 | Zig:21   | Killed a juggernaut
 77077 | Zig:21   | Killed a juggernaut
 77104 | Zig:21   | Identified the Papyrus of Clay
 77115 | Zig:21   | Identified the Guide on Ashen Confrontation
 77364 | Zig:22   | Entered Level 22 of a ziggurat
 77616 | Zig:22   | Learned a level 3 spell: Portal Projectile
 77641 | Zig:22   | Identified the +3 plate armour "Uthizon" {rF+} (You found
                  | it on level 22 of a ziggurat)
 77646 | Zig:22   | Identified the Collected Works on the Toxic Arsonist
 77655 | Zig:22   | Identified the Incunabulum of Attacks
 77662 | Zig:23   | Entered Level 23 of a ziggurat
 77674 | Zig:23   | Noticed an ancient lich
 77691 | Zig:23   | Noticed an ancient lich
 77692 | Zig:23   | Killed an ancient lich
 77692 | Zig:23   | Noticed an ancient lich
 77693 | Zig:23   | Reached skill level 27 in Fighting
 77701 | Zig:23   | Killed an ancient lich
 77701 | Zig:23   | Noticed an ancient lich
 77702 | Zig:23   | Reached skill level 15 in Throwing
 77702 | Zig:23   | Killed an ancient lich
 77715 | Zig:23   | Killed an ancient lich
 77992 | Zig:23   | Got a warped lapis lazuli ring
 77993 | Zig:23   | Identified the ring "Devij" {rElec rC+ Str+4 Int-3} (You
                  | found it on level 23 of a ziggurat)
 78000 | Zig:23   | Got a transparent copper ring
 78001 | Zig:23   | Identified the cursed ring of Linearity {rF+ MP+9 EV-4
                  | Dex+4 SInv} (You found it on level 23 of a ziggurat)
 78017 | Zig:23   | Identified the Disquisition on Harmful Stones
 78027 | Zig:24   | Entered Level 24 of a ziggurat
 78037 | Zig:24   | Noticed Rotwopom's ghost (legendary NaVM)
 78039 | Zig:24   | Noticed Xiorchab's ghost (legendary VSFi)
 78040 | Zig:24   | Noticed Sobuoh's ghost (legendary GrEE)
 78041 | Zig:24   | Noticed Rosendail's ghost (legendary GrEE)
 78041 | Zig:24   | Noticed Tieschogg's ghost (legendary DsFi)
 78041 | Zig:24   | Noticed Tieschogg's ghost (legendary DsFi)
 78041 | Zig:24   | Noticed Tieschogg's ghost (legendary DsFi)
 78041 | Zig:24   | Noticed Xootouk's ghost (master SpEn)
 78041 | Zig:24   | Noticed Ahek's ghost (legendary GnTm)
 78041 | Zig:24   | Noticed Muffal's ghost (legendary FoFi)
 78041 | Zig:24   | Noticed Poybuibi's ghost (veteran MiMo)
 78041 | Zig:24   | Noticed Zorhyraw's ghost (legendary GrEE)
 78041 | Zig:24   | Noticed Muffal's ghost (legendary FoFi)
 78042 | Zig:24   | Noticed Ge0ff's ghost (legendary HuFi)
 78042 | Zig:24   | Noticed Saonuxt's ghost (legendary DsFi)
 78042 | Zig:24   | Noticed Icuofef's ghost (veteran SpEn)
 78043 | Zig:24   | Found the +8 lance "Wyrmbane" {slay drac, rPois rF+ rC+
                  | AC+3}
 78056 | Depths:3 | Killed Muffal's ghost
 78338 | Hell     | Entered the Vestibule of Hell
 78352 | Hell     | Noticed Geryon
 78368 | Hell     | Killed Geryon
 78652 | Hell     | Found a gateway to the ashen valley of Gehenna.
 78724 | Hell     | Found a gateway to the freezing wastes of Cocytus.
 78903 | Coc:1    | Entered Level 1 of Cocytus
 78973 | Coc:1    | Reached skill level 15 in Dodging
 79402 | Coc:2    | Reached skill level 1 in Spellcasting
 79479 | Coc:2    | You fall into a shaft and drop 2 floors!
 79492 | Coc:4    | You fall into a shaft and drop 2 floors!
 79540 | Coc:6    | Learned a level 9 spell: Death's Door
 79561 | Coc:6    | Reached skill level 1 in Necromancy
 80473 | Coc:1    | Reached skill level 5 in Necromancy
 80512 | Coc:1    | Gained mutation: You have hoof-like feet. [evolution]
 80743 | Coc:1    | Reached skill level 5 in Spellcasting
 82013 | Coc:4    | Reached skill level 10 in Necromancy
 84149 | Coc:7    | Entered Level 7 of Cocytus
 84351 | Coc:7    | Reached skill level 15 in Necromancy
 85012 | Coc:7    | Identified the +10 glaive "Veupt" {drain, rElec Dex+3}
 85012 | Coc:7    | Noticed Antaeus
 85107 | Coc:7    | Identified the +4 scale mail "Cuemot" {rElec Int+3} (You
                  | found it on level 7 of Cocytus)
 85879 | Coc:7    | Killed Antaeus
 85899 | Coc:7    | Got an icy rune of Zot
 86182 | Geh:1    | Entered Level 1 of Gehenna
 86475 | Geh:2    | You fall into a shaft and drop 1 floor!
 86723 | Geh:3    | Learned a level 8 spell: Necromutation
 87116 | Geh:3    | Gained mutation: You have a pair of small antennae on your
                  | head. [evolution]
 87253 | Geh:4    | HP: 2/300 [hellion (15)]
 87255 | Geh:4    | Killed from afar by a hellion

Illustrated notes

Levels and vault maps discovered:
D:1:      evilmike_arrival_fibonacci_small, layout_rooms, serial_bayou_pond_d
D:2:      layout_basic, yredelemnul_altar_generic
D:3:      layout_rooms, overflow_temple_1_default, kiku_gazebo_pond_becter,
          uniq_ijyb, uniq_sigmund
D:4:      layout_loops_ring, nicolae_overflow_crystal_walls,
          cheibrodos_sewer_entry_bend, serial_shops, shop, uniq_blork_the_orc
D:5:      layout_gridville, kennysheep_mini, lemuel_tele_altar
D:6:      layout_cave_pools, overflow_temple_1_default,
          minmay_temple_entry_glassed_door
D:7:      layout_basic, serial_shops, shop
D:8:      minmay_cut_squares, layout_basic, lemuel_coloured_pillars_altar
D:9:      layout_gridville, serial_shops, shop, st_stairs_9,
          roderic_serpentine_path
D:10:     layout_loops_cross, grunt_lair_entry_orc_guard_hut, david_orc_4,
          grunt_ministairs_1
D:11:     layout_loops_ring
D:12:     layout_stronghold, portal_ice_cave_rime, gauntlet_entry_generic,
          ashenzari_altar_1
D:13:     layout_long_grid, serial_shops, kennysheep_little_box, shop_statue,
          shop, shop, elyvilon_altar_3
D:14:     layout_roguey [special_room_bee], david_vaults_4, basic_altar,
          infiniplex_staircase_spiral, uniq_rupert
D:15:     grunt_enter_depths_magical_seal, layout_rooms, special_room
          [special_room_orc]
Lair:1:   layout_gridlike
Lair:2:   layout_roguey
Lair:3:   layout_gridlike, minmay_swamp_entry_worms
Lair:4:   layout_cave_pods, dummy_snake_entry, gammafunk_ghost_berserking_beasts
Lair:5:   layout_gridlike, slime_altar_1, lemuel_fruit_tree, uniq_snorg
Lair:6:   grunt_lair_end_beastmaster, layout_loops_ring, st_stairs_6,
          grunt_megastairs_5, minmay_lair_oklob_chamber
Swamp:1:  layout_falls_marsh, evilmike_swamp_ruin_house_4,
          infiniplex_staircase_pool
Swamp:2:  nicolae_swamp_phyte_club, layout_basic_swamp,
          nicolae_swamp_round_clearing, nicolae_swamp_little_tower, uniq_kirke
Swamp:3:  layout_falls_marsh, ebering_ghost_rock_garden,
          evilmike_swamp_ruin_rubble_1, swamp_pool1
Swamp:4:  swamp_basic_johnstein, layout_basic_swamp, ebering_ghost_inner_flame,
          uniq_louise
Snake:1:  cheibrodos_forgotten_conduit, layout_layer_cave, st_stairs_11,
          drop_trap, hangedman_snake_corridor_split, grunt_megastairs_2,
          minmay_shoptagon, serial_bayou_shore_b
Snake:2:  layout_grid_maze, uniq_roxanne
Snake:3:  layout_rooms, nicolae_snake_biting_tails
Snake:4:  grunt_snake_rune_serpentine_throne, layout_misc_corridors,
          serial_shops, nicolae_shop_behind_doors, shop, st_stairs_9,
          nicolae_snake_serpentine_hallways, uniq_bai_suzhen
Orc:1:    layout_caves, uniq_sonja, uniq_erica
Orc:2:    grunt_orc_community_town_hall, layout_caves,
          grunt_orc_community_big_house_2, grunt_orc_community_big_house_1,
          grunt_orc_community_house_2, grunt_orc_community_house_3,
          grunt_orc_community_house_2, grunt_orc_community_house_3, uniq_urug
Elf:1:    minmay_elf_arrival_circle, layout_gridlike, hangedman_elf_represent,
          minivault_16
Elf:2:    layout_gridlike, uniq_asterion, uniq_jorgrun
Elf:3:    elf_hall, layout_rooms, serial_shops, nicolae_shop_behind_doors,
          uniq_donald
Vaults:1: st_squares, v_misc_25, v_misc_10, vaults_room_stairs_pillars,
          ontoclasm_vaults_pinch, nicolae_vaults_little_squares_2,
          nicolae_vaults_network_quincunx
          [nicolae_vaults_network_quincunx_subvault,
          nicolae_vaults_network_quincunx_subvault,
          nicolae_vaults_network_quincunx_subvault,
          nicolae_vaults_network_quincunx_subvault,
          nicolae_vaults_network_quincunx_subvault], v_pattern_5, v_misc_24,
          v_alt_pattern_4, v_alt_pattern_6, vaults_mumra_chevron_long,
          hangedman_vaults_maws, nicolae_vaults_little_squares_5,
          nicolae_vaults_little_squares_6, nicolae_vaults_ring_of_whatevers,
          layout_vaults_omnibox, serial_shops, shop
Vaults:2: hangedman_vaults_river_flow, vaults_mumra_hexcomb, v_misc_25,
          grunt_vaults_focal, dpeg_vaults_monster_row, vaults_dpeg_cross,
          v_misc_17, st_hourglassy, ontoclasm_vaults_ligature, v_misc_12,
          nicolae_vaults_rhombus_6, layout_vaults_big_cross
Vaults:3: sword_in_stone, minmay_crypt_entry_necro_gods, v_misc_27,
          hangedman_vaults_cutoff, v_alt_pattern_4, grunt_vaults_twisty,
          vaults_room_door_hall, v_misc_9, v_misc_16, hangedman_vaults_corner,
          vaults_dpeg_diagonal, layout_vaults_quadrants,
          lightli_enter_wizlab_magi_temple, uniq_sojobo
Vaults:4: nicolae_vaults_little_squares_1, hangedman_vaults_nails, v_pattern_1,
          v_alt_pattern_1, nicolae_vaults_little_squares_5,
          hangedman_vaults_stream, nicolae_vaults_three_branches,
          hangedman_vaults_stagger, v_misc_9, grunt_vaults_hallway_long,
          nicolae_vaults_specimen_jars, nicolae_vaults_circle_grid_a,
          vaults_room_fancy_cross, layout_vaults_maze_bifur, serial_shops,
          shop_fountains, uniq_saint_roka
Vaults:5: serial_shops, uniq_frederick
Crypt:1:  layout_rooms, grunt_ministairs_2, st_stairs_13
Crypt:2:  layout_gridlike
Crypt:3:  due_elkab, layout_chaotic_city, tomb_entry_simple_bobbens,
          ebering_ghost_rock_garden
Depths:1: layout_cave_shapes, minmay_splitting_lines, hell_entry,
          lemuel_statue_altar, minmay_shop_star
Depths:2: little_maze_vault, layout_cross, gammafunk_ghost_arena,
          nrook_mini_vaults, hell_entry, serial_bayou_shore_a
Depths:3: minmay_four_inscribed_fans, layout_honeycomb, enter_ziggurat_e,
          hell_entry, pan_entry, kennysheep_just_a_vault,
          minmay_staircase_statues, uniq_boris
Depths:4: minmay_octagon_city, layout_gridlike, grunt_pan_entry_spiral,
          kennysheep_nub, abyss_entry, hell_entry, grunt_ministairs_12,
          uniq_enchantress
Depths:5: evilmike_zot_entry_basic, layout_twisted_cross,
          grunt_hell_entry_dis_grunt, minmay_misc_feat_diagonals,
          lemuel_nasty_fountain, infiniplex_staircase_pool_lava
Hell
Geh:1:    layout_gehenna_lava_caves
Geh:2:    layout_gehenna_lava_caves
Geh:3:    layout_gehenna_pools_basic
Geh:4:    layout_gehenna_lava_caves
Coc:1:    layout_ice_bergs
Coc:2:    layout_cocytus_delve, grunt_megastairs_4
Coc:3:    layout_cocytus_water_paths
Coc:4:    layout_ice_bergs
Coc:5:    layout_cocytus_water_paths
Coc:6:    grunt_deathspiral_small, layout_cocytus_water_paths
Coc:7:    coc_grunt
Zot:1:    layout_concentric_octagons
Zot:2:    layout_basic, nzn_random_ring
Zot:3:    minmay_elemental_castle, layout_cathedral_of_symmetry,
          st_single_dragon_hoard_2, hangedman_swamp_dais
Zot:4:    layout_cellular_growth
Zot:5:    layout_twisted_circle

Skill      XL: |  1  2  3  4  5  6  7  8  9 10 11 12 13 14 15 16 17 18 19 20 21 22 23 24 25 26 27 |
---------------+----------------------------------------------------------------------------------+-----
Axes           | 3 4 5 8 9 10 11 12 13 14 15 17 18 20 21 27 | 27.0
Fighting       | 4 5 6 8 9 10 11 12 13 14 16 17 18 19 20 27 | 27.0
Armour         | 4 6 7 9 11 12 13 14 22 | 22.6
Shields        | 4 6 7 9 10 15 18 20 21 | 21.4
Translocations | 2 3 4 5 9 |  9.0
Dodging        | 2 4 6 8 9 11 15 | 15.6
Invocations    | 5 7 9 10 13 14 15 17 18 19 20 21 22 27 | 27.0
Evocations     | 5 8 17 | 17.3
Throwing       | 3 8 10 11 15 | 15.9
Summonings     | 6 12 13 | 13.0
Transmutations | 3 9 15 | 15.0
Earth Magic    | 3 8 12 | 12.4
Slings         | 5 |  5.0
Spellcasting   | 7 |  7.3
Necromancy     | 21 | 21.6

Action                   |  1- 3 |  4- 6 |  7- 9 | 10-12 | 13-15 | 16-18 | 19-21 | 22-24 | 25-27 || total
-------------------------+-------+-------+-------+-------+-------+-------+-------+-------+-------++-------
Melee: War axe           |   127 |   117 |   373 |   534 |  1033 |   429 |       |       |       ||  2613
       Broad axe         |       |       |       |       |       |   782 |  1221 |   990 |  5063 ||  8056
       Unarmed           |       |       |       |       |       |     3 |       |       |       ||     3
       Kick              |       |       |       |       |       |       |       |       |    40 ||    40
Throw: Javelin           |       |       |       |       |     5 |     5 |     4 |     5 |   119 ||   138
 Cast: Apportation       |       |       |       |       |       |       |     4 |       |     7 ||    11
       Blink             |       |       |       |       |       |       |       |     1 |     1 ||     2
       Lesser Beckoning  |       |       |       |       |       |       |       |       |    69 ||    69
       Statue Form       |       |       |       |       |       |       |       |       |    13 ||    13
Invok: Bend Time         |       |       |       |     2 |     1 |       |       |       |       ||     3
       Slouch            |       |       |       |       |     2 |     3 |     5 |     6 |    24 ||    40
       Step From Time    |       |       |       |       |       |     1 |       |     2 |     9 ||    12
 Abil: Evoke Blink       |       |       |       |       |     1 |       |     1 |     2 |     8 ||    12
Evoke: Wand              |       |       |     1 |     3 |     7 |     6 |     3 |     3 |    29 ||    52
       Condenser vane    |       |       |       |       |       |       |       |       |    11 ||    11
  Use: Scroll            |       |    11 |     9 |    11 |     9 |    10 |    10 |    19 |   103 ||   182
       Potion            |       |     2 |     8 |     4 |       |     4 |       |     6 |    61 ||    85
 Stab: Paralysed         |       |       |       |       |     4 |       |       |       |       ||     4
       Confused          |       |       |       |       |       |     2 |       |       |       ||     2
       Distracted        |       |       |       |       |       |     1 |       |     1 |    76 ||    78
       Sleeping          |       |       |       |       |       |       |       |       |     4 ||     4
Armor: Scale mail        |    49 |    79 |    83 |       |       |       |       |       |       ||   211
       Skin              |       |       |     2 |       |       |       |       |       |   139 ||   141
       Chain mail        |       |       |    67 |   142 |   275 |   341 |   307 |   207 |   181 ||  1520
       Fire dragon scale |       |       |       |       |       |       |       |    31 |   773 ||   804
Dodge: Dodged            |    32 |    52 |    57 |   102 |   288 |   443 |   294 |   385 |  2066 ||  3719
Block: Kite shield       |    76 |    81 |   373 |   500 |  1114 |  1416 |    45 |       |  3758 ||  7363
       Reflection        |       |       |    25 |    23 |    21 |   146 |   145 |    24 |   194 ||   578
       Other             |       |       |       |       |       |     1 |       |       |       ||     1
       Tower shield      |       |       |       |       |       |       |  1511 |  1389 |  2201 ||  5101

Table legend: (Time is in decaauts)
 A = Elapsed time spent in this place.
 B = Non-inter-level travel time spent in this place.
 C = Inter-level travel time spent in this place.
 D = Time resting spent in this place.
 E = Time spent auto-exploring this place.
 F = Levels seen in this place.
 G = Mean time per level.
                   A        B        C        D        E       F      G
               +--------+--------+--------+--------+--------+-----+--------+
         Total | 121636 | 113317 |   8319 |  17940 |  71208 |  91 | 1336.7 |
       Dungeon |  21026 |  18362 |   2664 |   2126 |  12925 |  15 | 1401.7 |
          Lair |  10896 |  10022 |    874 |    605 |   8207 |   6 | 1816.0 |
         Swamp |   7167 |   6932 |    235 |   2354 |   3390 |   4 | 1791.8 |
     Snake Pit |  12026 |  11638 |    388 |   2391 |   7778 |   4 | 3006.5 |
  Orcish Mines |   3750 |   3450 |    300 |    452 |   2488 |   2 | 1875.0 |
   Elven Halls |   4692 |   4427 |    265 |    141 |   3364 |   3 | 1564.0 |
        Vaults |  14470 |  12559 |   1911 |   1841 |   8307 |   5 | 2894.0 |
         Crypt |   4696 |   4475 |    221 |     71 |   3415 |   3 | 1565.3 |
        Depths |  11296 |  10664 |    632 |   1014 |   7400 |   5 | 2259.2 |
          Hell |    545 |    545 |      0 |    130 |     17 |   1 |  545.0 |
       Gehenna |   1336 |   1336 |      0 |      0 |    774 |   4 |  334.0 |
       Cocytus |   8599 |   8308 |    291 |   1513 |   3777 |   7 | 1228.4 |
           Zot |  12747 |  12215 |    532 |   2355 |   7715 |   5 | 2549.4 |
      Ziggurat |   5352 |   5352 |      0 |   1902 |    947 |  24 |  223.0 |
         Sewer |    744 |    744 |      0 |    263 |    296 |   1 |  744.0 |
        Wizlab |   1144 |   1144 |      0 |    511 |    345 |   1 | 1144.0 |
      Gauntlet |   1142 |   1142 |      0 |    267 |     58 |   1 | 1142.0 |
               +--------+--------+--------+--------+--------+-----+--------+

Top non-repeatable levels by time:
 Snake:4: 3661 daAuts
Vaults:4: 3411 daAuts
Depths:2: 3163 daAuts
 Snake:1: 3141 daAuts
   Zot:3: 3092 daAuts
 Snake:2: 3091 daAuts
Vaults:3: 3046 daAuts
   Zot:5: 2973 daAuts
Vaults:2: 2944 daAuts
Vaults:1: 2865 daAuts
Depths:3: 2839 daAuts
   Orc:2: 2817 daAuts
   Zot:2: 2759 daAuts
Depths:4: 2736 daAuts
 Crypt:3: 2521 daAuts
